 Dungeon Crawl Stone Soup version 0.29-a0-321-gf1c400731a (webtiles) character file.

Game seed: 6128708657114998106

1 dianekeaton the Skirmisher (level 1, -4/19 HPs)
             Began as a Hill Orc Fighter on Apr 5, 2022.
             Slain by Natasha (8 damage)
             ... on level 2 of the Dungeon.
             The game lasted 00:00:25 (175 turns).

dianekeaton the Skirmisher (Hill Orc Fighter)        Turns: 175, Time: 00:00:25

Health: -4/19      AC:  6    Str: 18    XL:     1   Next: 20%
Magic:  1/1        EV:  9    Int:  8    God:
Gold:   28         SH:  4    Dex: 10    Spells: 0/0 levels left

rFire   . . .      SeeInvis .   a - +0 war axe
rCold   . . .      Faith    .   c - +0 buckler
rNeg    . . .      Spirit   .   b - +0 scale mail
rPois   .          Reflect  .   (no helmet)
rElec   .          Harm     .   (no cloak)
rCorr   .          Rampage  .   (no gloves)
Will    .....                   (no boots)
Stlth   ..........              (no amulet)
HPRegen 0.06/turn               (no ring)
MPRegen 0.07/turn               (no ring)

@: slowed, very slow
A: no striking features
a: no special abilities


You were on level 2 of the Dungeon.
You visited 1 branch of the dungeon, and saw 2 of its levels.

You collected 28 gold pieces.

Inventory:

Hand Weapons
 a - a +0 war axe (weapon)
Armour
 b - a +0 scale mail (worn)
 c - a +0 buckler (worn)
Scrolls
 f - a scroll of fog {unknown}
 g - a scroll of enchant weapon {unknown}
 h - a scroll of summoning {unknown}
Potions
 d - a potion of might
 e - a potion of haste {unknown}


   Skills:
 - Level 3.6 Fighting
 + Level 2.9 Axes
 - Level 3.2 Armour
 - Level 3.2 Shields


You couldn't memorise any spells.
You didn't know any spells.
Your spell library was empty.

Dungeon Overview and Level Annotations

Branches:
Dungeon (1/15)

Altars:

Annotations:
D:2 Natasha


Message History

The hobgoblin closely misses you.
You hit the hobgoblin.
The hobgoblin is lightly wounded.
The hobgoblin hits you.
You slash the hobgoblin!
You kill the hobgoblin!
You open the door.
There is an open door here.
You open the door.
HP restored.
There is an open door here.
There is an open door here.
Found a stone staircase leading down.
You open the door.
There is an open door here.
h - a scroll labelled ISTE YT TEUSKO You open the door.
There is an open door here.
Natasha, Servant of Life and Death comes into view.
Natasha hisses angrily.
You see here a gold piece.
You now have 28 gold pieces (gained 1).
Natasha stares at you and mumbles some strange words.
You resist with significant effort.
Natasha casts a spell.
Natasha casts a spell at you.
You feel yourself slow down. The white imp gestures at you.
The puff of frost hits you.
Natasha stares at you and mumbles some strange words.
You resist with significant effort. The white imp gestures at you.
The puff of frost hits you. Natasha casts a spell at you.
You feel as though you will be slow longer.
The white imp gestures at you. The puff of frost hits you!
* * * LOW HITPOINT WARNING * * *
Natasha claws you!
You die...

.....#.......#........ ####
#.......#........
#.......#........
#.......#........
.......######.......#........
#...............5..#'#........
..............................
................h.......######
................@.......#
#.......................#
....................>...#
.####...................#
.............#####......#
.#...#'####### ########
.#####.# .......# #####..#


You could see Natasha and a white imp (summoned).

Vanquished Creatures
  A hobgoblin (D:2)
1 creature vanquished.

Notes
Turn   | Place    | Note
-------+----------+-------------------------------------------
     0 | D:1      | dianekeaton the Hill Orc Fighter began the quest for the
                  | Orb.
     0 | D:1      | Reached XP level 1. HP: 19/19 MP: 1/1
    58 | D:1      | You fall into a shaft and drop 1 floor!
   156 | D:2      | Noticed Natasha
   175 | D:2      | Slain by Natasha

Illustrated notes

Levels and vault maps discovered:
D:1:      minmay_arrival_solitary_statue, layout_basic
D:2:      layout_basic, uniq_natasha

Action                   || total
-------------------------++-------
Melee: War axe           ||     2
Dodge: Dodged            ||     1

Table legend: (Time is in decaauts)
 A = Elapsed time spent in this place.
 B = Non-inter-level travel time spent in this place.
 C = Inter-level travel time spent in this place.
 D = Time resting spent in this place.
 E = Time spent auto-exploring this place.
 F = Levels seen in this place.
 G = Mean time per level.
                   A        B        C        D        E       F      G
               +--------+--------+--------+--------+--------+-----+--------+
         Total |    178 |    178 |      0 |      0 |    129 |   2 |   89.0 |
       Dungeon |    178 |    178 |      0 |      0 |    129 |   2 |   89.0 |
               +--------+--------+--------+--------+--------+-----+--------+

Top non-repeatable levels by time:
     D:2: 120 daAuts
     D:1: 58 daAuts
